 Dungeon Crawl Stone Soup version 0.24.0-125-gc4c63601f3 (webtiles) character file.

Game seed: 2887703146880783913, levelgen mode: deterministic

849 numpty the Stinger (level 8, -3/43 HPs)
             Began as an Octopode Venom Mage on Mar 18, 2020.
             Was an Initiate of Hepliaklqana.
             Slain by Edmund
             ... wielding a +7 dire flail of protection
              (13 damage)
             ... on level 5 of the Dungeon.
             The game lasted 00:10:32 (6502 turns).

numpty the Stinger (Octopode Venom Mage)            Turns: 6502, Time: 00:10:32

Health: -3/43      AC:  1    Str:  7    XL:     8   Next: 1%
Magic:  11/15      EV: 14    Int: 18    God:    Hepliaklqana [......]
Gold:   268        SH:  0    Dex: 14    Spells: 10/17 levels left

rFire    + + .     SeeInvis .   l - +0 short sword (venom)
rCold    . . .     Gourm    .   (no shield)
rNeg     . . .     Faith    .   (helmet restricted)
rPois    +         Spirit   .   y - amulet "Ivocibik" {Harm *Drain rPois rF++ Stlth+}
rElec    .         Reflect  .   (no ring)
rCorr    .         Harm     +   (no ring)
MR       .....                  (no ring)
Stlth    +++++.....             (no ring)
HPRegen  0.14/turn              (no ring)
MPRegen  0.14/turn              (no ring)
                                (no ring)
                                (no ring)

@: no status effects
A: almost no armour, stealthy swim, amphibious, 8 rings, constrict 8, reduced
essence, camouflage 1, gelatinous body 1
a: Recall Ancestor, Ancestor Identity, Renounce Religion


You were on level 5 of the Dungeon.
You worshipped Hepliaklqana.
Hepliaklqana was noncommittal.
You were hungry.

You visited 1 branch of the dungeon, and saw 5 of its levels.

You collected 268 gold pieces.

Inventory:

Hand Weapons
 e - a +0 whip
 l - a +0 short sword of venom (weapon)
 u - a +3 hand axe
Missiles
 h - 11 javelins (quivered)
 x - 19 poisoned darts
Jewellery
 y - the amulet "Ivocibik" (around mantle) {Harm *Drain rPois rF++ Stlth+}
   (You found it on level 4 of the Dungeon)

   [amulet of harm]

   It increases damage dealt and taken.
   It greatly protects you from fire.
   It protects you from poison.
   It causes draining when unequipped.
   It makes you more stealthy.
 C - an uncursed ring of fire
Wands
 v - a wand of enslavement (10)
 D - a wand of iceblast (9)
Scrolls
 a - 6 scrolls of identify {unknown}
 c - 4 scrolls of remove curse {unknown}
 g - 2 scrolls of blinking {unknown}
 i - 3 scrolls of teleportation {unknown}
 j - 5 scrolls of random uselessness {unknown}
 k - 2 scrolls of fear {unknown}
 n - 2 scrolls of amnesia {unknown}
 p - a scroll of noise {unknown}
Potions
 d - a potion of mutation {unknown}
 f - 4 potions of curing {unknown}
 m - a potion of resistance {unknown}
 o - a potion of ambrosia {unknown}
 q - 2 potions of haste
 r - a potion of heal wounds {unknown}
 s - 3 potions of degeneration {unknown}
 t - 2 potions of magic {unknown}
 w - a potion of cancellation {unknown}
 z - a potion of brilliance {unknown}
 A - a potion of lignification {unknown}
 B - a potion of berserk rage {unknown}
 E - a potion of might {unknown}
Comestibles
 b - 7 rations


   Skills:
 + Level 1.4 Fighting
 + Level 3.2 Dodging
 - Level 4.1 Stealth
 + Level 5.0 Spellcasting
 + Level 1.3 Conjurations
 + Level 3.4 Air Magic
 + Level 6.4 Poison Magic


You had 10 spell levels left.
You knew the following spells:

 Your Spells              Type           Power        Failure   Level  Hunger
a - Sting                 Conj/Pois      ###.         2%          1    None
b - Poisonous Vapours     Pois/Air       ###...       2%          2    #......
c - Olgreb's Toxic Radia  Pois           ####....     10%         4    ####...

Your spell library contained the following spells:

 Spells                   Type           Power        Failure   Level  Hunger
 Mephitic Cloud           Conj/Pois/Air  ###.....     9%          3    ##.....
 Venom Bolt               Conj/Pois      ###.......   58%         5    ######.


Dungeon Overview and Level Annotations

Branches:
Dungeon (5/15)
 Temple: D:4-7

Altars:
Gozag
Hepliaklqana
Kikubaaqudgha
Nemelex Xobeh
Qazlal
Trog

Annotations:
D:2 1 runed translucent door, Crazy Yiuf
D:3 exclusion: downstairs
D:5 Edmund


Innate Abilities, Weirdness & Mutations

You cannot wear most types of armour.
You are very stealthy in the water. (Stealth+)
You are amphibious.
You can wear up to eight rings at the same time.
You can use your tentacles to constrict eight enemies at once.
Your skin changes colour to match your surroundings (Stealth+).
Your rubbery body absorbs attacks. (AC +1, EV +1)
Your life essence is reduced to manifest your ancestor. (-10% HP)


Message History

Press: ? - help, Dir - move target cursor, f - Edmund
Aim: Edmund, wielding a +7 dire flail of protection and wearing a +0 scale mail (moderately wounded, constricted by you) Poisonous vapours surround Edmund!
You constrict Edmund, but do no damage.
Edmund is poisoned.
Edmund hits you with a +7 dire flail of protection!
* * * LOW HITPOINT WARNING * * *
Tiberia hits Edmund but does no damage.
Unknown command.
You release your grip on Edmund.
Tiberia completely misses Edmund.
Tiberia misses Edmund.
Edmund barely misses you.
Tiberia closely misses Edmund.
Casting: Poisonous Vapours (safe; 2% risk of failure)
Confirm with . or Enter, or press ? or * to list all spells.
Aiming: Poisonous Vapours (safe; 2% risk of failure)
Press: ? - help, Dir - move target cursor, f/p - Edmund
Aim: Edmund, wielding a +7 dire flail of protection and wearing a +0 scale mail (heavily wounded, poisoned) Poisonous vapours surround Edmund!
Edmund is engulfed in poison gas.
Edmund looks even sicker.
Edmund hits you with a +7 dire flail of protection!
You die...

.......'...#.....#.... #.....#
.......#...#.....#.... #.....#
.......#####.....#.##. ###.....#
####...........###.##.###....####
...#...........#...>#...#....#...
...#...........#....#...#....#...
...#...........#.R..+...#....#...
+###...........#@######......####
.############'##@#.....####....##
..#..............#.....# #....#.
..#..............#.....# #....#.
..#....................# #....#.
.###..##...##..........# #.<..##
#####'##...###'######### #####..
............#....# #..
............#....# #..
............#....# #..


You could see the friendly Tiberia the ancestor and Edmund.

Vanquished Creatures
  An ogre (D:4)
  2 centaurs (D:5)
  3 scorpions (D:5)
  A centaur skeleton (D:4)
  3 orc priests
  2 hounds
  3 orc wizards
  2 worker ants (D:5)
  A howler monkey skeleton (D:4)
  4 adders (D:3)
  A shadow imp (D:2)
  An ooze (D:5)
  An adder skeleton (D:4)
  3 worms
  18 orcs
  2 giant cockroaches
  7 goblins
  2 hobgoblins
  8 jackals (D:3)
  A ball python (D:3)
  8 bats
  6 frilled lizards
  8 kobolds
  2 leopard gecko skeletons (D:4)
  6 rats
96 creatures vanquished.

Notes
Turn   | Place    | Note
-------+----------+-------------------------------------------
     0 | D:1      | numpty the Octopode Venom Mage began the quest for the Orb.
     0 | D:1      | Reached XP level 1. HP: 11/11 MP: 3/3
   626 | D:1      | Reached skill level 4 in Poison Magic
  1033 | D:1      | Reached XP level 2. HP: 17/17 MP: 5/5
  1040 | D:1      | Learned a level 2 spell: Poisonous Vapours
  1754 | D:2      | Found a runed translucent door.
  1755 | D:2      | Noticed Crazy Yiuf
  1936 | D:2      | Reached XP level 3. HP: 13/21 MP: 1/6
  2627 | D:2      | Found a stormy altar of Qazlal.
  2641 | D:2      | Found a sparkling altar of Nemelex Xobeh.
  2641 | D:2      | Found an opulent altar of Gozag.
  2643 | D:2      | Found an ancient bone altar of Kikubaaqudgha.
  2645 | D:2      | Found a hazy altar of Hepliaklqana.
  3157 | D:3      | Reached XP level 4. HP: 27/27 MP: 2/7
  3163 | D:3      | Learned a level 4 spell: Olgreb's Toxic Radiance
  3190 | D:3      | Reached skill level 1 in Air Magic
  4122 | D:3      | Reached XP level 5. HP: 32/32 MP: 2/9
  4959 | D:4      | Reached XP level 6. HP: 22/37 MP: 9/11
  5016 | D:4      | Reached skill level 5 in Poison Magic
  5028 | D:4      | Reached skill level 1 in Fighting
  5127 | D:4      | Got an ancient ruby amulet
  5128 | D:4      | Identified the amulet "Ivocibik" {Harm *Drain rPois rF++
                  | Stlth+} (You found it on level 4 of the Dungeon)
  5425 | D:4      | Found a bloodstained altar of Trog.
  5538 | D:5      | Entered Level 5 of the Dungeon
  5546 | D:5      | Reached XP level 7. HP: 43/43 MP: 7/12
  5881 | D:5      | Reached skill level 6 in Poison Magic
  6034 | D:2      | Became a worshipper of Hepliaklqana the Forgotten
  6405 | D:5      | Reached skill level 5 in Spellcasting
  6405 | D:5      | Reached XP level 8. HP: 43/43 MP: 10/15
  6493 | D:5      | Noticed Edmund
  6502 | D:5      | Slain by Edmund

Levels and vault maps discovered:
D:1:      nzn_arrival_depleted_hourglass, layout_basic, patterned_corridor
D:2:      layout_rooms, minitemple, minivault_27, uniq_crazy_yiuf_cottage
D:3:      layout_basic
D:4:      layout_cave_pools, lightli_temple_of_fire
D:5:      layout_gridville, first_ration, uniq_edmund

Skill      XL: |  1  2  3  4  5  6  7 |
---------------+----------------------+-----
Poison Magic   | 4 5 6 |  6.4
Stealth        | 3 4 |  4.1
Air Magic      | 1 2 3 |  3.4
Spellcasting   | 3 5 |  5.0
Dodging        | 3 |  3.2
Fighting       | 1 |  1.4
Conjurations   | |  1.3

Action                   |  1- 3 |  4- 6 |  7- 9 || total
-------------------------+-------+-------+-------++-------
Melee: Unarmed           |    35 |       |       ||    35
       Tentacles         |    16 |    16 |     4 ||    36
       Constrict         |    17 |    23 |     3 ||    43
       Short sword       |    41 |    63 |    15 ||   119
 Cast: Sting             |     2 |       |       ||     2
       Poisonous Vapours |    15 |    22 |    17 ||    54
       Olgreb's Toxic Ra |       |     5 |       ||     5
 Stab: Sleeping          |     5 |     3 |     4 ||    12
       Distracted        |       |     1 |       ||     1
  Eat: Chunk             |     8 |     9 |     3 ||    20
Armor: Skin              |    17 |     2 |     1 ||    20
Dodge: Dodged            |    55 |    50 |     8 ||   113
